 Dungeon Crawl Stone Soup version 0.29-a0-857-g9b1aa3ac5b (webtiles) character file.

Game seed: 14260078193848465535

10 nxtlvl the Ducker (level 2, 0/18 HPs)
             Began as a Deep Elf Monk on July 16, 2022.
             Was a Believer of Nemelex Xobeh.
             Slain by a gnoll
             ... wielding a +0 spear
              (6 damage)
             ... on level 2 of the Dungeon.
             The game lasted 00:01:35 (273 turns).

nxtlvl the Ducker (Deep Elf Monk)                    Turns: 273, Time: 00:01:36

Health: 0/18       AC:  2    Str:  8    XL:     2   Next: 10%
Magic:  4/4        EV: 13    Int: 14    God:    Nemelex Xobeh [**....]
Gold:   0          SH:  0    Dex: 17    Spells: 1/1 levels left

rFire   . . .      SeeInvis .   a - +0 short sword
rCold   . . .      Faith    .   (no shield)
rNeg    . . .      Spirit   .   b - +0 robe
rPois   .          Reflect  .   (no helmet)
rElec   .          Harm     .   (no cloak)
rCorr   .          Rampage  .   (no gloves)
Will    .....                   (no boots)
Stlth   ++........              (no amulet)
HPRegen 0.06/turn               (no ring)
MPRegen 0.09/turn               (no ring)

@: no status effects
A: no striking features
a: Renounce Religion, Draw Escape, Draw Destruction, Draw Summoning


You were on level 2 of the Dungeon.
You worshipped Nemelex Xobeh.
Nemelex Xobeh was pleased with you.
You visited 1 branch of the dungeon, and saw 2 of its levels.

Inventory:

Hand Weapons
 a - a +0 short sword (weapon)
Armour
 b - a +0 robe (worn)
Scrolls
 d - 2 scrolls of vulnerability {unknown}
Potions
 c - a potion of ambrosia
 e - a potion of curing {unknown}


   Skills:
 - Level 2.4 Fighting
 * Level 3.6 Short Blades
 - Level 3.6 Dodging
 - Level 2.4 Stealth


You had one spell level left.
You didn't know any spells.
Your spell library was empty.

Dungeon Overview and Level Annotations

Branches:
Dungeon (2/15)

Altars:
Nemelex Xobeh

Shops:
D:1 !


Message History

You hit the endoplasm.
The endoplasm is heavily wounded.
The endoplasm freezes you.
You are frozen.
* * * LOW HITPOINT WARNING * * *
You hit the endoplasm.
You kill the endoplasm!
You have reached level 2!
You enter the shallow water.
Moving in this stuff is going to be slow.
Found a faded altar of an unknown god.
You enter the shallow water.
Moving in this stuff is going to be slow.
There is a faded altar of an unknown god here.
You cannot tell which god this altar belongs to.
Convert to them anyway?
Nemelex Xobeh accepts your prayer! Nemelex Xobeh welcomes you!
Nemelex will now gift you decks of power as you gain piety.
Nemelex Xobeh deals you some cards!
You now have 3 destruction cards and 2 summoning cards.
You can now draw from decks of power.
You enter the shallow water.
Moving in this stuff is going to be slow.
You enter the shallow water.
Moving in this stuff is going to be slow.
You enter the shallow water.
Moving in this stuff is going to be slow.
There is a stone staircase leading up here.
Found a scroll labelled GEURGH TANOARUOHEU.
d - 2 scrolls labelled GEURGH TANOARUOHEU (gained 1)
The gnoll shouts!
You hit the giant cockroach.
The giant cockroach is severely wounded.
The giant cockroach bites you.
You hit the giant cockroach.
You kill the giant cockroach!
The gnoll completely misses you. The gnoll hits you with a +0 spear.
You die...
Your body glows slightly and disappears.

#.......###.#
#.#.#####
##....# #.....#
#####.....#
#........##
#.###..#.#
#.###..#.###
#.....@....#
#.###.#g.#.#
...#..#.######
####.......g..#
#...#.####.#
###...#.####
.......g...#
#.#.[.#.g#......
#...#<.# #####


You could see a gnoll.

Vanquished Creatures
  A bat (D:1)
  An endoplasm (D:2)
  2 giant cockroaches
  2 goblins (D:1)
  A quokka (D:1)
  A rat (D:1)
8 creatures vanquished.

Notes
Turn   | Place    | Note
-------+----------+-------------------------------------------
     0 | D:1      | nxtlvl the Deep Elf Monk began the quest for the Orb.
     0 | D:1      | Reached XP level 1. HP: 13/13 MP: 3/3
    60 | D:1      | Found Huimaucu's Distillery.
   194 | D:2      | Reached XP level 2. HP: 3/18 MP: 4/4
   199 | D:2      | Found a faded altar of an unknown god.
   204 | D:2      | Prayed at the altar of an unknown god.
   204 | D:2      | Became a worshipper of Nemelex Xobeh the Trickster
   204 | D:2      | Reached * piety under Nemelex Xobeh
   204 | D:2      | Received a gift from Nemelex Xobeh
   204 | D:2      | Reached ** piety under Nemelex Xobeh
   273 | D:2      | Slain by a gnoll

Illustrated notes

Levels and vault maps discovered:
D:1:      psy_arrival_radial01, layout_basic, serial_shops, nicolae_square_shop
D:2:      layout_loops_ring, shapermc_ecumenical_altar_hornbeckon, serial_shops,
          nicolae_shop_behind_doors, minmay_box_of_dots, uniq_natasha

Action                   || total
-------------------------++-------
Melee: Short sword       ||    16
 Stab: Sleeping          ||     1
Armor: Robe              ||     1
Dodge: Dodged            ||    11

Table legend: (Time is in decaauts)
 A = Elapsed time spent in this place.
 B = Non-inter-level travel time spent in this place.
 C = Inter-level travel time spent in this place.
 D = Time resting spent in this place.
 E = Time spent auto-exploring this place.
 F = Levels seen in this place.
 G = Mean time per level.
                   A        B        C        D        E       F      G
               +--------+--------+--------+--------+--------+-----+--------+
         Total |    276 |    276 |      0 |      0 |     19 |   2 |  138.0 |
       Dungeon |    276 |    276 |      0 |      0 |     19 |   2 |  138.0 |
               +--------+--------+--------+--------+--------+-----+--------+

Top non-repeatable levels by time:
     D:1: 163 daAuts
     D:2: 113 daAuts
